 Dungeon Crawl Stone Soup version 0.31.0-11-ge490571c62 (webtiles) character file.

Game seed: 10946405986858969759

2 Arcadio the Sneak (level 1, -1/19 HPs)
             Began as a Draconian Delver on Jan 30, 2024.
             Killed from afar by a white imp (12 damage)
             ... with a puff of frost
             ... on level 5 of the Dungeon.
             The game lasted 00:00:43 (141 turns).

Arcadio the Sneak (Draconian Delver)                 Turns: 141, Time: 00:00:43

Health: -1/19      AC:  4    Str: 14    XL:     1   Next: 25%
Magic:  0/1        EV: 12    Int: 10    God:
Gold:   0          SH:  0    Dex: 12    Spells: 0/0 levels left

rFire   . . .        a - +0 short sword
rCold   . . .        (no shield)
rNeg    . . .        (body armour unavailable)
rPois   .            (helmet restricted)
rElec   .            (no cloak)
rCorr   .            (no gloves)
SInv    .            (no boots)
Will    .....        g - amulet of guardian spirit
Stlth   +++          (no ring)
HPRegen 0.23/turn    (no ring)
MPRegen 0.07/turn

%: guardian spirit
@: no status effects
A: AC +4, unfitting armour, cold-blooded
a: no special abilities


You were on level 5 of the Dungeon.
You visited 1 branch of the dungeon, and saw 1 of its levels.

Inventory:

Hand Weapons
 a - a +0 short sword (weapon)
Jewellery
 g - an amulet of guardian spirit (around neck)
Wands
 f - a wand of digging (3)
Scrolls
 b - a scroll of fog
 c - a scroll of revelation
 d - a scroll of fear
Potions
 e - a potion of haste


   Skills:
 + Level 3.3 Fighting
 + Level 2.0 Short Blades
 + Level 1.8 Dodging
 + Level 4.5 Stealth


You couldn't memorise any spells.
You didn't know any spells.
Your spell library was empty.

Dungeon Overview and Level Annotations

Branches:
Dungeon (5/15)
 Temple: D:4-7

Altars:
Dithmenos


Innate Abilities, Weirdness & Mutations

Your plain brown scales are hard. (AC +4)
You cannot fit into any form of body armour.
You are cold-blooded and may be slowed by cold attacks.


Message History

An orc priest comes into view. It is wielding a +0 hand axe.
A gnoll comes into view. It is wielding a +0 flail.
The gnoll moves out of view.
The orc misses you.
A gnoll comes into view. It is wielding a +0 spear.
The gnoll shouts!
You hear a shout!
A gnoll comes into view. It is wielding a +0 whip.
A gnoll comes into view. It is wielding a +0 flail.
The orc attacks as it pursues you! The orc closely misses you.
The orc closely misses you. The orc hits you with a +0 dagger.
The orc hits you but does no damage. The orc attacks as it pursues you!
The orc hits you but does no damage. The orc attacks as it pursues you!
The orc closely misses you.
The orc priest begins to cast a cantrip, but forgets the words!
The orc attacks as it pursues you! The orc hits you but does no damage.
Things that are here:
a +0 club; a +0 ring mail; an orc corpse The orc wizard casts a spell.
The orc wizard flickers and vanishes!
Deactivating autopickup; reactivate with Ctrl-A.
You see here a +0 quarterstaff.
The gnoll attacks as it pursues you! The gnoll barely misses you.
The gnoll attacks as it pursues you!
The gnoll hits you from afar with a +0 spear.
The gnoll shouts!
The gnoll attacks as it pursues you! The gnoll closely misses you.
The gnoll shouts!
The gnoll attacks as it pursues you!
The gnoll hits you from afar with a +0 spear.
The gnoll hits you from afar with a +0 spear.
A white imp comes into view.
The white imp moves out of view.
The white imp shouts, "Scamper home, thou villainous hasty-witted mule!"
The white imp lashes its tail.
The white imp shouts, "Leave, thou infectious fool-headed erk!"
The white imp gestures at you. The puff of frost hits you!
Ouch! That really hurt!
You die...

... .. ##. .. #.# .# #
#### ###.# .##.#.#
...#.#...# ##......#
#.#..#.?.#####....>.^#
#............#@#.....
...........g.....5....
#........o.g.#.#......
.####.g.#####.#......
#......# #.. .....
######.g....#
###......
#...##....#o# #.#...
##........##.# .####
......#.####.# #


You could see 3 gnolls, a white imp and an orc.

Vanquished Creatures
  An orc (D:5)
1 creature vanquished.

Notes
Turn   | Place    | Note
-------+----------+-------------------------------------------
     0 | D:5      | Arcadio the Draconian Delver began the quest for the Orb.
     0 | D:5      | Reached XP level 1. HP: 19/19 MP: 1/1
     8 | D:5      | Found a shadowy altar of Dithmenos.
    64 | D:5      | Noticed an orc wizard
    66 | D:5      | Noticed an orc priest
   141 | D:5      | Killed from afar by a white imp

Illustrated notes

Levels and vault maps discovered:
D:5:      layout_loops_cross, pdpol_wu_jian_five_deadly_venoms,
          lemuel_doored_altar, uniq_duvessa

Action                     || total
---------------------------++-------
  Melee: Short sword       ||    18
         Tailslap          ||     2
 Armour: Skin              ||    14
  Dodge: Dodged            ||    16
